Description

A great buildorder designed to hit the protoss at 5:10.
Ideally to force a cancel.
Use the liberator to harass the protoss while attacking with your marines and tanks.

Replay - TvP Standard No-Raven Tank Push

Build Order

Get SALT Encoding   

  12  0:01  SCV  
  13  0:13  SCV  
  14  0:17  Supply Depot  
  14  0:25  SCV  
  15  0:39  SCV  
  15  0:40  Barracks  
  16  0:44  Refinery  
  16  0:51  SCV  
  17  1:03  SCV  
  18  1:15  SCV  
  19  1:27  Orbital Command  
  19  1:28  Reaper  
  20  1:42  Command Center  
  20  1:51  Supply Depot  
  20  1:53  SCV  
  21  2:00  Barracks Reactor  
  21  2:05  SCV  
  22  2:08  Bunker  
  22  2:11  Refinery  
  22  2:18  SCV  
  23  2:23  Factory  
  24  2:37  Marine x2  
  27  2:54  Orbital Command  
  27  2:55  Marine x2  
  30  3:08  Starport, Factory Tech Lab  
  31  3:13  Marine x2  
  35  3:28  Liberator  
  35  3:30  Siege Tank  
  40  3:35  Supply Depot  
  40  3:37  Marine x2  
  46  3:50  Supply Depot  
  46  3:57  Marine x2  
  50  4:06  Siege Tank  
  54  4:15  Supply Depot  
  57  4:23  Barracks  
  63  4:40  Barracks  
  63  4:43  Starport Tech Lab  When done, place barracks there
  63  4:48  Siege Tank  After the third tank, lift off the factory and replace with barracks
  68  4:53  Refinery  
  68  4:57  Engineering Bay  
  70  5:21  Marauder, Stimpack  
  72  5:42  Marauder  
  76  5:52  Factory Reactor, Combat Shield, Marauder, Starport Reactor  
  76  5:55  Refinery  
  76  5:56  Terran Infantry Armor Level 1  
  78  6:04  Marauder  
  82  6:14  Marauder  
  86  6:19  Command Center  
  86  6:26  Marauder  
  88  6:33  Medivac x2  
  88  6:34  Barracks x2  
  88  6:35  Marauder  
  94  6:44  Widow Mine x2  
  100  6:52  Marauder x2  
  108  7:07  Medivac x2  
  116  7:13  Marauder  
  114  7:18  Starport  
  118  7:25  Barracks Reactor  
  118  7:26  Barracks Tech Lab  
  127  7:45  Medivac x2  
  127  7:46  Orbital Command  
  132  7:55  Refinery x2  
  132  7:57  Terran Infantry Weapons Level 1  
  134  8:09  Viking x2  
Spawning Tool Build Advisor. Get it on Overwolf

Go to:

Details

  • Created by: metagross
  • Published on: Jun 22, 2019
  • Modified on: Jun 22, 2019
  • Patch: 4.7.1
Show
View Real Time Build Order
Export as new Build Order

Comments (1)

On Sept. 2, 2019, 8:17 p.m., Protijay  said:

This build order has multiple inaccuracies and actually features a mistimed depot.

A Liberator can not possibly hit at 3:28 using this build, this is demonstrated in the replay provided.

A shouldn't be placed down at 20 supply (although it is in the replay). There's no reason for this in TvP unless you're getting a safety Marine for some absurd reason. The correct placement of the supply depot is at 22 supply. This is because you should be getting a Reactor and only producing SCV's, 2 SCV's take 24 seconds to complete and a Depot takes 21 seconds.

The correct opening is the following:
20-C.C.
21-Reactor
21-Refinery
22-Depot

Create an account to comment!